Bruins vs Penguins

Created - 13 novembre 2020 at 20:26

Goals
1 2 3 OT1 SO T
Bruins 3 0 1 0 2 5
Penguins 3 1 0 0 1 4
Shots
1 2 3 OT1 SO T
Bruins 12 12 11 1 4 36
Penguins 14 13 6 4 4 37

1st period

1. Penguins , Jonathan Huberdeau 2 (Mark Giordano 1, Pierre-Luc Dubois 2) at 0:42
2. Bruins , Adam Henrique 3 (Brian Dumoulin 2, Tyler Bertuzzi 6) at 2:43
3. Bruins , Jonathon Merrill 1 (Vladimir Sobotka 2, Markus Nutivaara 1) at 13:44
4. Penguins , Nathan MacKinnon 3 (David Perron 2, Brent Seabrook 2) at 16:31
5. Penguins , Filip Hronek 3 (Max Domi 3, Mark Giordano 2) at 18:55
6. Bruins , Carl Hagelin 3 (Radek Faksa 2, Brett Pesce 4) at 19:51 (PP)

Penalties :
Mark Giordano (PIT) for Holding (Minor) at 3:26, Shea Weber (PIT) for Elbowing (Minor) at 3:37, Juuse Saros (PIT) for Slashing (Minor) at 9:07 - Shea Weber served the penalty., Cedric Paquette (PIT) for Boarding (Minor) at 18:57

2nd period

7. Penguins , Pierre-Luc Dubois 2 (Brent Seabrook 3, Marcus Pettersson 3) at 9:13

Penalties :
Shea Weber (PIT) for Hooking (Minor) at 3:30

3rd period

8. Bruins , Adam Henrique 4 (Tyler Bertuzzi 7, Brendan Lemieux 1) at 1:57 (PP)

Penalties :
Adrian Kempe (PIT) for Holding (Minor) at 1:17, Brady Skjei (BOS) for Roughing (Minor) at 2:22, Pierre-Luc Dubois (PIT) for Interference (Minor) at 7:15, Filip Hronek (PIT) for Hooking (Minor) at 11:30

Overtime #1

No Goal

Penalties :
No Penalty

Shootout

Bruins, Adam Henrique - Shot Misses the Net
Penguins, Nathan MacKinnon - Stopped by Tristan Jarry
Bruins, Tyler Bertuzzi - Goal!
Penguins, Jonathan Huberdeau - Shot Misses the Net
Bruins, Radek Faksa - Shot Misses the Net
Penguins, Pierre-Luc Dubois - Goal!
Bruins, Carl Hagelin - Goal!
Penguins, Max Domi - Shot Misses the Net

Penalties :
No Penalty

Goalie Stats

Tristan Jarry (BOS), 33 saves from 37 shots - (0,892), W, 2-2-1, 65:00 minutes
Juuse Saros (PIT), 32 saves from 36 shots - (0,889), OTL, 0-1-1, 65:00 minutes

Players Stats for Bruins

Player Name              G  A  P  +/- PIM S  H  SB GA TA FO     MP     PP MP  PK MP  
------------------------------------------------------------------------------------
Adam Henrique            2  0  2  -2  0   8  0  1  0  0  24/41  25:32   5:03   1:18 
Alex Iafallo             0  0  0   1  0   2  1  1  0  0  0/0    16:28   0:00   0:00 
Antoine Roussel          0  0  0   0  0   0  1  0  0  0  1/1     6:20   0:00   0:00 
Brady Skjei              0  0  0   0  2   3  0  1  0  0  0/0    25:48   4:40   0:00 
Brendan Lemieux          0  1  1  -2  0   2  3  0  0  0  0/0    17:40   6:05   0:00 
Brett Pesce              0  1  1  -2  0   0  0  2  0  0  0/0    22:47   6:35   0:55 
Brian Dumoulin           0  1  1   0  0   1  1  1  0  0  0/0    26:38   4:54   1:22 
Carl Hagelin             1  0  1  -1  0   7  0  0  0  0  0/2    21:27   5:35   0:34 
Jayson Megna             0  0  0  -1  0   2  2  0  0  0  1/3    19:07   5:35   0:00 
Jonathon Merrill         1  0  1   0  0   2  0  2  0  0  0/0    13:37   0:25   0:00 
Jordan Oesterle          0  0  0  -2  0   1  2  1  0  0  0/0    21:42   6:35   0:37 
Marcus Sorensen          0  0  0   0  0   0  0  0  0  0  0/1     1:02   1:02   0:00 
Markus Nutivaara         0  1  1   0  0   0  0  1  0  0  0/0    14:27   0:11   1:04 
Michael Frolik           0  0  0   0  0   0  1  0  0  0  0/0     6:20   0:00   0:00 
Radek Faksa              0  1  1  -1  0   2  3  1  0  0  10/19  21:24   5:35   0:34 
Tanner Fritz             0  0  0   1  0   0  2  0  0  0  0/0    15:41   0:00   0:00 
Tyler Bertuzzi           0  2  2  -2  0   5  1  1  0  0  1/4    20:48   6:05   1:25 
Vladimir Sobotka         0  1  1   1  0   1  1  1  0  0  11/19  16:12   0:00   0:07 

Players Stats for Penguins

Player Name              G  A  P  +/- PIM S  H  SB GA TA FO     MP     PP MP  PK MP  
------------------------------------------------------------------------------------
Adrian Kempe             0  0  0   0  2   3  0  0  0  0  9/20   11:31   0:00   6:16 
Alex DeBrincat           0  0  0   1  0   2  1  0  0  0  0/0    16:48   1:04   0:09 
Brent Seabrook           0  2  2   1  0   1  3  0  0  0  0/0    12:22   0:00   0:05 
Cedric Paquette          0  0  0   0  2   1  2  0  0  0  2/5     9:03   0:00   4:35 
Clayton Keller           0  0  0   1  0   3  2  0  0  0  1/2    11:42   0:00   0:19 
David Perron             0  1  1   0  0   3  1  0  0  0  0/1    16:36   0:55   0:00 
Drew Doughty             0  0  0  -1  0   1  1  2  0  0  0/0    28:44   0:55   6:23 
Filip Hronek             1  0  1   2  2   1  6  2  0  0  0/0    22:23   1:04   5:16 
Gabriel Landeskog        0  0  0   0  0   1  2  0  0  0  1/1    15:49   0:55   0:00 
Jonathan Huberdeau       1  0  1   1  0   4  1  0  0  0  1/2    19:09   1:04   0:00 
Marcus Pettersson        0  1  1   1  0   0  3  1  0  0  0/0    15:32   0:00   3:15 
Mark Giordano            0  2  2   2  2   0  1  1  0  0  0/0    21:15   1:04   4:55 
Max Domi                 0  1  1   1  0   1  2  0  0  0  4/11   18:06   0:00   5:00 
Nathan MacKinnon         1  0  1   0  0   6  0  0  0  0  10/25  20:10   0:55   1:51 
Oliver Bjorkstrand       0  0  0   1  0   1  1  0  0  0  0/1    11:23   0:00   0:00 
Oskar Lindblom           0  0  0   0  0   1  1  0  0  0  0/0     7:51   0:00   3:22 
Pierre-Luc Dubois        1  1  2   1  2   6  0  1  0  0  14/22  18:21   1:04   0:00 
Shea Weber               0  0  0  -1  4   2  3  3  0  0  0/0    24:40   0:55   3:25 

3 Stars

1 - Filip Hronek (PIT)
2 - Adam Henrique (BOS)
3 - Brent Seabrook (PIT)

Power Play

Bruins - 2 on 8 Attempt(s) - 25,00%
Penguins - 0 on 1 Attempt(s) - 0,00%

Penalty Kill

Bruins - 1 on 1 Attempt(s) - 100,00% - Score 0 goal in Penalty Kill
Penguins - 6 on 8 Attempt(s) - 75,00% - Score 0 goal in Penalty Kill

Team Stat

Bruins - Hits : 18 - Faceoff Wins : 48 - Blocked Shots : 13 - Penalty Minutes : 2
Penguins - Hits : 30 - Faceoff Wins : 42 - Blocked Shots : 10 - Penalty Minutes : 16

Official

Referees : Kevin Pollock and Dave Lewis
Linesman : Ryan Galloway and Travis Toomey

Game Notes

No Game Note

Finance

Level 1 -- Attendance: 6332 (97,42%) -- Ticket Income 740 844 $
Level 2 -- Attendance: 5000 (100,00%) -- Ticket Income 415 000 $
Level 3 -- Attendance: 2985 (85,29%) -- Ticket Income 185 070 $
Level 4 -- Attendance: 2387 (100,00%) -- Ticket Income 107 415 $
Luxury Box -- Attendance: 959 (95,90%) -- Ticket Income 215 775 $
Game was played at the Consol Energy Center.
Total Attendance: 17663 (96,06%)
Total Ticket Income: 1 664 104 $
Other Income: 815 411 $
Total Income: 2 479 515 $

% Time on Ice - Bruins

Lines # - Real PCT - Wanted PCT - Time Play
Normal Forward
1 - 23% - 40% - 10:48
2 - 29% - 30% - 13:32
3 - 34% - 20% - 15:41
4 - 14% - 10% - 6:20
Normal Defense
1 - 38% - 40% - 17:24
2 - 31% - 30% - 14:30
3 - 28% - 20% - 13:12
4 - 3% - 10% - 1:15
PP Forward
1 - 52% - 60% - 6:05
2 - 48% - 40% - 5:35
PP Defense
1 - 44% - 60% - 5:05
2 - 56% - 40% - 6:35
PK Forward
1 - 71% - 60% - 1:25
2 - 29% - 40% - 0:34
PK Defense
1 - 69% - 60% - 1:22
2 - 31% - 40% - 0:37
PK3 Forward
1 - 0% - 60%
2 - 0% - 40%
PK3 Defense
1 - 0% - 60%
2 - 0% - 40%
44 Forward
1 - 0% - 60%
2 - 0% - 40%
44 Defense
1 - 0% - 60%
2 - 0% - 40%
Last Minute Offensive  - 0:00
Last Minute Defensive  - 0:00
Total
Forward - 60:00
Defense - 60:00

% Time on Ice - Penguins

Lines # - Real PCT - Wanted PCT - Time Play
Normal Forward
1 - 32% - 35% - 14:54
2 - 34% - 33% - 15:35
3 - 25% - 22% - 11:23
4 - 10% - 10% - 4:29
Normal Defense
1 - 38% - 40% - 17:29
2 - 33% - 30% - 15:17
3 - 27% - 20% - 12:17
4 - 3% - 10% - 1:18
PP Forward
1 - 46% - 60% - 0:55
2 - 54% - 40% - 1:04
PP Defense
1 - 46% - 60% - 0:55
2 - 54% - 40% - 1:04
PK Forward
1 - 66% - 60% - 6:30
2 - 34% - 40% - 3:22
PK Defense
1 - 50% - 60% - 4:57
2 - 50% - 40% - 4:55
PK3 Forward
1 - 68% - 60% - 1:13
2 - 32% - 40% - 0:35
PK3 Defense
1 - 55% - 60% - 0:59
2 - 45% - 40% - 0:49
44 Forward
1 - 0% - 60%
2 - 0% - 40%
44 Defense
1 - 0% - 60%
2 - 0% - 40%
Last Minute Offensive  - 0:00
Last Minute Defensive  - 0:00
Total
Forward - 60:00
Defense - 60:00

Play-by-Play

1st period


0:01 of 1st period - Adam Henrique wins face-off versus Nathan MacKinnon in neutral zone.
0:34 of 1st period - Shot by David Perron.
0:34 of 1st period - Stopped by Tristan Jarry with a rebound.
0:36 of 1st period - Shot by David Perron.
0:36 of 1st period - Stopped by Tristan Jarry without a rebound.
0:37 of 1st period - Pierre-Luc Dubois wins face-off versus Jayson Megna in Bruins zone.
0:42 of 1st period - Shot by Jonathan Huberdeau.
0:42 of 1st period - Goal by Jonathan Huberdeau - Bruins : 0 - Penguins : 1.
0:43 of 1st period - Vladimir Sobotka wins face-off versus Max Domi in neutral zone.
0:52 of 1st period - Shot by Alex Iafallo.
0:52 of 1st period - Stopped by Juuse Saros without a rebound.
0:53 of 1st period - Radek Faksa wins face-off versus Jonathan Huberdeau in Penguins zone.
0:57 of 1st period - Carl Hagelin is hit by Filip Hronek and loses puck.
1:32 of 1st period - Shot by Alex DeBrincat.
1:32 of 1st period - Shot Misses the Net.
2:13 of 1st period - Shot by Clayton Keller.
2:13 of 1st period - Shot Blocked by Alex Iafallo.
2:15 of 1st period - Shot by Max Domi.
2:15 of 1st period - Stopped by Tristan Jarry with a rebound.
2:17 of 1st period - Shot by Shea Weber.
2:17 of 1st period - Shot Blocked by Vladimir Sobotka.
2:19 of 1st period - Shot by Oliver Bjorkstrand.
2:19 of 1st period - Stopped by Tristan Jarry without a rebound.
2:20 of 1st period - Tyler Bertuzzi wins face-off versus Adrian Kempe in Bruins zone.
2:20 of 1st period - Brendan Lemieux is hit by Cedric Paquette and loses puck.
2:25 of 1st period - Shot by Adrian Kempe.
2:25 of 1st period - Stopped by Tristan Jarry without a rebound.
2:26 of 1st period - Adam Henrique wins face-off versus Nathan MacKinnon in Bruins zone.
2:43 of 1st period - Shot by Brian Dumoulin.
2:43 of 1st period - Deflect By Adam Henrique.
2:43 of 1st period - Goal by Adam Henrique - Bruins : 1 - Penguins : 1.
2:44 of 1st period - Vladimir Sobotka wins face-off versus Adrian Kempe in neutral zone.
3:03 of 1st period - Shot by Adrian Kempe.
3:03 of 1st period - Stopped by Tristan Jarry without a rebound.
3:04 of 1st period - Nathan MacKinnon wins face-off versus Adam Henrique in Bruins zone.
3:26 of 1st period - Minor Penalty to Mark Giordano for Holding.
3:27 of 1st period - Adrian Kempe wins face-off versus Radek Faksa in Penguins zone.
3:37 of 1st period - Minor Penalty to Shea Weber for Elbowing.
3:38 of 1st period - Adam Henrique wins face-off versus Cedric Paquette in Penguins zone.
5:05 of 1st period - Icing by Jordan Oesterle.
5:06 of 1st period - Cedric Paquette wins face-off versus Radek Faksa in Bruins zone.
5:59 of 1st period - Shot by Jonathan Huberdeau.
5:59 of 1st period - Deflect By Alex DeBrincat.
5:59 of 1st period - Shot Blocked by Jonathon Merrill.
6:59 of 1st period - Shot by Gabriel Landeskog.
6:59 of 1st period - Stopped by Tristan Jarry without a rebound.
7:00 of 1st period - Max Domi wins face-off versus Adam Henrique in Bruins zone.
7:15 of 1st period - Shot by Clayton Keller.
7:15 of 1st period - Stopped by Tristan Jarry without a rebound.
7:16 of 1st period - Radek Faksa wins face-off versus Adrian Kempe in Bruins zone.
7:27 of 1st period - Mark Giordano is hit by Jayson Megna and loses puck.
7:52 of 1st period - Shot by Cedric Paquette.
7:52 of 1st period - Stopped by Tristan Jarry without a rebound.
7:53 of 1st period - Nathan MacKinnon wins face-off versus Vladimir Sobotka in Bruins zone.
7:54 of 1st period - Shot by Gabriel Landeskog.
7:54 of 1st period - Shot Blocked by Brady Skjei.
9:07 of 1st period - Shot by Brendan Lemieux.
9:07 of 1st period - Deflect By Adam Henrique.
9:07 of 1st period - Stopped by Juuse Saros without a rebound.
9:07 of 1st period - Minor Penalty to Juuse Saros for Slashing.
9:08 of 1st period - Radek Faksa wins face-off versus Max Domi in Penguins zone.
9:11 of 1st period - Shot by Carl Hagelin.
9:11 of 1st period - Shot Misses the Net.
9:13 of 1st period - Shot by Brady Skjei.
9:13 of 1st period - Stopped by Juuse Saros without a rebound.
9:14 of 1st period - Radek Faksa wins face-off versus Adrian Kempe in Penguins zone.
9:35 of 1st period - Shot by Carl Hagelin.
9:35 of 1st period - Stopped by Juuse Saros without a rebound.
9:36 of 1st period - Adam Henrique wins face-off versus Adrian Kempe in Penguins zone.
11:14 of 1st period - Shot by Jonathan Huberdeau.
11:14 of 1st period - Shot Blocked by Jonathon Merrill.
11:56 of 1st period - Icing by Shea Weber.
11:57 of 1st period - Pierre-Luc Dubois wins face-off versus Adam Henrique in Penguins zone.
11:57 of 1st period - Pierre-Luc Dubois is hit by Michael Frolik.
12:13 of 1st period - Shot by Max Domi.
12:13 of 1st period - Shot Blocked by Brian Dumoulin.
12:41 of 1st period - Shot by Clayton Keller.
12:41 of 1st period - Deflect By Max Domi.
12:41 of 1st period - Shot Misses the Net.
12:46 of 1st period - Icing by Brady Skjei.
12:47 of 1st period - Adam Henrique wins face-off versus Nathan MacKinnon in Bruins zone.
13:16 of 1st period - Shot by Carl Hagelin.
13:16 of 1st period - Stopped by Juuse Saros without a rebound.
13:17 of 1st period - Pierre-Luc Dubois wins face-off versus Vladimir Sobotka in Penguins zone.
13:44 of 1st period - Shot by Jonathon Merrill.
13:44 of 1st period - Goal by Jonathon Merrill - Bruins : 2 - Penguins : 1.
13:45 of 1st period - Radek Faksa wins face-off versus Nathan MacKinnon in neutral zone.
13:45 of 1st period - Brett Pesce is hit by David Perron and loses puck.
14:09 of 1st period - Radek Faksa is hit by Brent Seabrook.
14:11 of 1st period - Shot by Jayson Megna.
14:11 of 1st period - Shot Misses the Net.
14:39 of 1st period - Shot by Adam Henrique.
14:39 of 1st period - Stopped by Juuse Saros without a rebound.
14:40 of 1st period - Vladimir Sobotka wins face-off versus Max Domi in Penguins zone.
14:57 of 1st period - Shot by Alex Iafallo.
14:57 of 1st period - Shot Misses the Net.
15:06 of 1st period - Alex Iafallo is hit by Shea Weber and loses puck.
15:14 of 1st period - Alex Iafallo is hit by Shea Weber and loses puck.
15:25 of 1st period - Tanner Fritz is hit by Oliver Bjorkstrand.
15:50 of 1st period - Shot by Tyler Bertuzzi.
15:50 of 1st period - Stopped by Juuse Saros without a rebound.
15:51 of 1st period - Pierre-Luc Dubois wins face-off versus Radek Faksa in Penguins zone.
15:51 of 1st period - Pierre-Luc Dubois is hit by Jayson Megna.
16:18 of 1st period - Shot by Pierre-Luc Dubois.
16:18 of 1st period - Stopped by Tristan Jarry without a rebound.
16:19 of 1st period - Adam Henrique wins face-off versus Nathan MacKinnon in Bruins zone.
16:29 of 1st period - Shot by David Perron.
16:29 of 1st period - Shot Misses the Net.
16:31 of 1st period - Shot by Nathan MacKinnon.
16:31 of 1st period - Goal by Nathan MacKinnon - Bruins : 2 - Penguins : 2.
16:32 of 1st period - Antoine Roussel wins face-off versus Adrian Kempe in neutral zone.
17:08 of 1st period - Shot by Adrian Kempe.
17:08 of 1st period - Stopped by Tristan Jarry without a rebound.
17:09 of 1st period - Pierre-Luc Dubois wins face-off versus Carl Hagelin in Bruins zone.
17:26 of 1st period - Shot by Alex DeBrincat.
17:26 of 1st period - Shot Misses the Net.
18:28 of 1st period - Shot by Tanner Fritz.
18:28 of 1st period - Shot Misses the Net.
18:30 of 1st period - Shot by Vladimir Sobotka.
18:30 of 1st period - Stopped by Juuse Saros without a rebound.
18:31 of 1st period - Adam Henrique wins face-off versus Clayton Keller in Penguins zone.
18:31 of 1st period - Adam Henrique is hit by Mark Giordano.
18:53 of 1st period - Shot by Max Domi.
18:53 of 1st period - Shot Misses the Net.
18:55 of 1st period - Shot by Filip Hronek.
18:55 of 1st period - Goal by Filip Hronek - Bruins : 2 - Penguins : 3.
18:56 of 1st period - Vladimir Sobotka wins face-off versus Adrian Kempe in neutral zone.
18:56 of 1st period - Vladimir Sobotka is hit by Oskar Lindblom.
18:57 of 1st period - Minor Penalty to Cedric Paquette for Boarding.
18:58 of 1st period - Adrian Kempe wins face-off versus Adam Henrique in Penguins zone.
19:17 of 1st period - Shot by Adam Henrique.
19:17 of 1st period - Shot Misses the Net.
19:19 of 1st period - Shot by Brady Skjei.
19:19 of 1st period - Shot Blocked by Mark Giordano.
19:21 of 1st period - Shot by Brendan Lemieux.
19:21 of 1st period - Shot Misses the Net.
19:23 of 1st period - Shot by Brendan Lemieux.
19:23 of 1st period - Stopped by Juuse Saros without a rebound.
19:24 of 1st period - Radek Faksa wins face-off versus Adrian Kempe in Penguins zone.
19:37 of 1st period - Shot by Brett Pesce.
19:37 of 1st period - Shot Misses the Net.
19:39 of 1st period - Shot by Radek Faksa.
19:39 of 1st period - Shot Misses the Net.
19:51 of 1st period - Shot by Carl Hagelin.
19:51 of 1st period - Goal by Carl Hagelin - Bruins : 3 - Penguins : 3.
19:52 of 1st period - Vladimir Sobotka wins face-off versus Nathan MacKinnon in neutral zone.
Goals for this period are 3 for Bruins vs 3 for Penguins.
Shots for this period are 12 for Bruins vs 14 for Penguins.

2nd period


0:01 of 2nd period - Nathan MacKinnon wins face-off versus Tyler Bertuzzi in neutral zone.
0:10 of 2nd period - Shot by David Perron.
0:10 of 2nd period - Stopped by Tristan Jarry without a rebound.
0:11 of 2nd period - Radek Faksa wins face-off versus Pierre-Luc Dubois in Bruins zone.
0:50 of 2nd period - Shot by Carl Hagelin.
0:50 of 2nd period - Stopped by Juuse Saros without a rebound.
0:51 of 2nd period - Adam Henrique wins face-off versus Nathan MacKinnon in Penguins zone.
0:58 of 2nd period - Shot by Brady Skjei.
0:58 of 2nd period - Stopped by Juuse Saros with a rebound.
1:06 of 2nd period - Shot by Tyler Bertuzzi.
1:06 of 2nd period - Stopped by Juuse Saros with a rebound.
1:14 of 2nd period - Shot by Adam Henrique.
1:14 of 2nd period - Stopped by Juuse Saros with a rebound.
1:24 of 2nd period - Shot by Brendan Lemieux.
1:24 of 2nd period - Stopped by Juuse Saros without a rebound.
1:25 of 2nd period - Vladimir Sobotka wins face-off versus Oliver Bjorkstrand in Penguins zone.
1:40 of 2nd period - Shot by Clayton Keller.
1:40 of 2nd period - Stopped by Tristan Jarry with a rebound.
1:49 of 2nd period - Off-side.
1:50 of 2nd period - Jayson Megna wins face-off versus Pierre-Luc Dubois in neutral zone.
1:50 of 2nd period - Jayson Megna is hit by Alex DeBrincat.
1:58 of 2nd period - Shot by Carl Hagelin.
1:58 of 2nd period - Stopped by Juuse Saros without a rebound.
1:59 of 2nd period - Adam Henrique wins face-off versus Nathan MacKinnon in Penguins zone.
2:02 of 2nd period - Shot by Tyler Bertuzzi.
2:02 of 2nd period - Shot Misses the Net.
2:23 of 2nd period - Shot by Tyler Bertuzzi.
2:23 of 2nd period - Shot Misses the Net.
2:25 of 2nd period - Shot by Adam Henrique.
2:25 of 2nd period - Shot Hit the Post.
2:27 of 2nd period - Shot by Adam Henrique.
2:27 of 2nd period - Stopped by Juuse Saros without a rebound.
2:28 of 2nd period - Pierre-Luc Dubois wins face-off versus Radek Faksa in Penguins zone.
2:37 of 2nd period - Shot by Jordan Oesterle.
2:37 of 2nd period - Stopped by Juuse Saros with a rebound.
2:49 of 2nd period - Shot by Carl Hagelin.
2:49 of 2nd period - Deflect By Radek Faksa.
2:49 of 2nd period - Stopped by Juuse Saros without a rebound.
2:50 of 2nd period - Max Domi wins face-off versus Vladimir Sobotka in Penguins zone.
3:14 of 2nd period - Brian Dumoulin is hit by Max Domi and loses puck.
3:30 of 2nd period - Minor Penalty to Shea Weber for Hooking.
3:31 of 2nd period - Adrian Kempe wins face-off versus Adam Henrique in Penguins zone.
3:44 of 2nd period - Shot by Tyler Bertuzzi.
3:44 of 2nd period - Shot Misses the Net.
3:46 of 2nd period - Shot by Brendan Lemieux.
3:46 of 2nd period - Shot Blocked by Filip Hronek.
3:48 of 2nd period - Shot by Adam Henrique.
3:48 of 2nd period - Shot Misses the Net.
3:50 of 2nd period - Shot by Tyler Bertuzzi.
3:50 of 2nd period - Shot Blocked by Filip Hronek.
4:30 of 2nd period - Shot by Brady Skjei.
4:30 of 2nd period - Stopped by Juuse Saros with a rebound.
4:32 of 2nd period - Shot by Jayson Megna.
4:32 of 2nd period - Shot Hit the Post.
4:46 of 2nd period - Shot by Brian Dumoulin.
4:46 of 2nd period - Stopped by Juuse Saros with a rebound.
5:08 of 2nd period - Shot by Brett Pesce.
5:08 of 2nd period - Shot Misses the Net.
5:14 of 2nd period - Shot by Brett Pesce.
5:14 of 2nd period - Shot Hit the Post.
5:22 of 2nd period - Shot by Tyler Bertuzzi.
5:22 of 2nd period - Shot Misses the Net.
5:57 of 2nd period - Shot by Pierre-Luc Dubois.
5:57 of 2nd period - Shot Blocked by Markus Nutivaara.
6:51 of 2nd period - Michael Frolik is hit by Clayton Keller and loses puck.
7:00 of 2nd period - Oliver Bjorkstrand is hit by Antoine Roussel and loses puck.
7:52 of 2nd period - Icing by Vladimir Sobotka.
7:53 of 2nd period - Adrian Kempe wins face-off versus Vladimir Sobotka in Bruins zone.
8:18 of 2nd period - Icing by Brian Dumoulin.
8:19 of 2nd period - Nathan MacKinnon wins face-off versus Radek Faksa in Bruins zone.
8:26 of 2nd period - Shot by Nathan MacKinnon.
8:26 of 2nd period - Stopped by Tristan Jarry without a rebound.
8:27 of 2nd period - Adam Henrique wins face-off versus Nathan MacKinnon in Bruins zone.
8:35 of 2nd period - Mark Giordano is hit by Jordan Oesterle and loses puck.
8:41 of 2nd period - Icing by Brendan Lemieux.
8:42 of 2nd period - Pierre-Luc Dubois wins face-off versus Adam Henrique in Bruins zone.
8:47 of 2nd period - Shot by Alex DeBrincat.
8:47 of 2nd period - Shot Blocked by Brett Pesce.
8:51 of 2nd period - Shot by Pierre-Luc Dubois.
8:51 of 2nd period - Shot Misses the Net.
9:05 of 2nd period - Shot by Pierre-Luc Dubois.
9:05 of 2nd period - Stopped by Tristan Jarry with a rebound.
9:07 of 2nd period - Shot by Marcus Pettersson.
9:07 of 2nd period - Shot Misses the Net.
9:09 of 2nd period - Shot by Pierre-Luc Dubois.
9:09 of 2nd period - Shot Misses the Net.
9:11 of 2nd period - Shot by Brent Seabrook.
9:11 of 2nd period - Stopped by Tristan Jarry with a rebound.
9:13 of 2nd period - Shot by Pierre-Luc Dubois.
9:13 of 2nd period - Goal by Pierre-Luc Dubois - Bruins : 3 - Penguins : 4.
9:14 of 2nd period - Nathan MacKinnon wins face-off versus Radek Faksa in neutral zone.
10:27 of 2nd period - Alex Iafallo is hit by Max Domi and loses puck.
11:06 of 2nd period - Icing by Max Domi.
11:07 of 2nd period - Adam Henrique wins face-off versus Max Domi in Penguins zone.
11:07 of 2nd period - Adam Henrique is hit by Filip Hronek.
11:09 of 2nd period - Shot by Tyler Bertuzzi.
11:09 of 2nd period - Stopped by Juuse Saros without a rebound.
11:10 of 2nd period - Adam Henrique wins face-off versus Pierre-Luc Dubois in Penguins zone.
11:15 of 2nd period - Shot by Jordan Oesterle.
11:15 of 2nd period - Shot Blocked by Shea Weber.
11:35 of 2nd period - Shot by Jonathan Huberdeau.
11:35 of 2nd period - Shot Misses the Net.
11:37 of 2nd period - Shot by Pierre-Luc Dubois.
11:37 of 2nd period - Shot Misses the Net.
11:39 of 2nd period - Shot by Shea Weber.
11:39 of 2nd period - Stopped by Tristan Jarry with a rebound.
11:43 of 2nd period - Shot by Jonathan Huberdeau.
11:43 of 2nd period - Stopped by Tristan Jarry without a rebound.
11:44 of 2nd period - Radek Faksa wins face-off versus Nathan MacKinnon in Bruins zone.
12:30 of 2nd period - Icing by Brent Seabrook.
12:31 of 2nd period - Gabriel Landeskog wins face-off versus Adam Henrique in Penguins zone.
13:05 of 2nd period - Shot by Jonathan Huberdeau.
13:05 of 2nd period - Shot Blocked by Jordan Oesterle.
13:13 of 2nd period - Shot by Alex DeBrincat.
13:13 of 2nd period - Stopped by Tristan Jarry with a rebound.
13:15 of 2nd period - Shot by Drew Doughty.
13:15 of 2nd period - Stopped by Tristan Jarry without a rebound.
13:16 of 2nd period - Vladimir Sobotka wins face-off versus Adrian Kempe in Bruins zone.
13:16 of 2nd period - Vladimir Sobotka is hit by Cedric Paquette.
13:33 of 2nd period - Off-side.
13:34 of 2nd period - Max Domi wins face-off versus Radek Faksa in neutral zone.
14:50 of 2nd period - Icing by Alex Iafallo.
14:51 of 2nd period - Pierre-Luc Dubois wins face-off versus Vladimir Sobotka in Bruins zone.
14:54 of 2nd period - Shot by Alex DeBrincat.
14:54 of 2nd period - Stopped by Tristan Jarry without a rebound.
14:55 of 2nd period - Pierre-Luc Dubois wins face-off versus Adam Henrique in Bruins zone.
15:30 of 2nd period - Icing by Brendan Lemieux.
15:31 of 2nd period - Adam Henrique wins face-off versus Nathan MacKinnon in Bruins zone.
15:55 of 2nd period - Icing by Brady Skjei.
15:56 of 2nd period - Adrian Kempe wins face-off versus Radek Faksa in Bruins zone.
15:56 of 2nd period - Adrian Kempe is hit by Brian Dumoulin.
16:04 of 2nd period - Shot by Oskar Lindblom.
16:04 of 2nd period - Stopped by Tristan Jarry without a rebound.
16:05 of 2nd period - Jonathan Huberdeau wins face-off versus Vladimir Sobotka in Bruins zone.
16:50 of 2nd period - Vladimir Sobotka is hit by Jonathan Huberdeau and loses puck.
17:16 of 2nd period - Tyler Bertuzzi is hit by Filip Hronek and loses puck.
17:48 of 2nd period - Gabriel Landeskog is hit by Brendan Lemieux and loses puck.
18:01 of 2nd period - Shot by Nathan MacKinnon.
18:01 of 2nd period - Shot Misses the Net.
18:03 of 2nd period - Shot by Drew Doughty.
18:03 of 2nd period - Shot Blocked by Adam Henrique.
18:05 of 2nd period - Shot by Drew Doughty.
18:05 of 2nd period - Shot Misses the Net.
18:19 of 2nd period - Shot by Nathan MacKinnon.
18:19 of 2nd period - Stopped by Tristan Jarry without a rebound.
18:20 of 2nd period - Adrian Kempe wins face-off versus Carl Hagelin in Bruins zone.
18:21 of 2nd period - Shot by Oskar Lindblom.
18:21 of 2nd period - Shot Misses the Net.
19:09 of 2nd period - Off-side.
19:10 of 2nd period - Vladimir Sobotka wins face-off versus Max Domi in neutral zone.
19:49 of 2nd period - Drew Doughty is hit by Tanner Fritz and loses puck.
Goals for this period are 0 for Bruins vs 1 for Penguins.
Shots for this period are 12 for Bruins vs 13 for Penguins.

3rd period


0:01 of 3rd period - Adam Henrique wins face-off versus Nathan MacKinnon in neutral zone.
0:04 of 3rd period - Shot by Tyler Bertuzzi.
0:04 of 3rd period - Shot Blocked by Shea Weber.
0:06 of 3rd period - Shot by Brian Dumoulin.
0:06 of 3rd period - Shot Misses the Net.
0:08 of 3rd period - Shot by Tyler Bertuzzi.
0:08 of 3rd period - Shot Blocked by Drew Doughty.
0:27 of 3rd period - Shot by Adam Henrique.
0:27 of 3rd period - Shot Blocked by Drew Doughty.
0:40 of 3rd period - Shot by Adam Henrique.
0:40 of 3rd period - Shot Misses the Net.
1:08 of 3rd period - Shot by Carl Hagelin.
1:08 of 3rd period - Deflect By Radek Faksa.
1:08 of 3rd period - Shot Blocked by Pierre-Luc Dubois.
1:10 of 3rd period - Shot by Carl Hagelin.
1:10 of 3rd period - Stopped by Juuse Saros without a rebound.
1:11 of 3rd period - Adrian Kempe wins face-off versus Vladimir Sobotka in Penguins zone.
1:17 of 3rd period - Minor Penalty to Adrian Kempe for Holding.
1:18 of 3rd period - Clayton Keller wins face-off versus Radek Faksa in Penguins zone.
1:18 of 3rd period - Clayton Keller is hit by Radek Faksa.
1:32 of 3rd period - Shot by Carl Hagelin.
1:32 of 3rd period - Stopped by Juuse Saros with a rebound.
1:42 of 3rd period - Shot by Jayson Megna.
1:42 of 3rd period - Stopped by Juuse Saros without a rebound.
1:43 of 3rd period - Nathan MacKinnon wins face-off versus Adam Henrique in Penguins zone.
1:43 of 3rd period - Nathan MacKinnon is hit by Tyler Bertuzzi.
1:57 of 3rd period - Shot by Adam Henrique.
1:57 of 3rd period - Goal by Adam Henrique - Bruins : 4 - Penguins : 4.
1:58 of 3rd period - Vladimir Sobotka wins face-off versus Pierre-Luc Dubois in neutral zone.
2:00 of 3rd period - Alex Iafallo is hit by Shea Weber and loses puck.
2:09 of 3rd period - Shot by Alex Iafallo.
2:09 of 3rd period - Stopped by Juuse Saros without a rebound.
2:10 of 3rd period - Adrian Kempe wins face-off versus Adam Henrique in Penguins zone.
2:10 of 3rd period - Filip Hronek is hit by Brendan Lemieux and loses puck.
2:22 of 3rd period - Minor Penalty to Brady Skjei for Roughing.
2:23 of 3rd period - Adam Henrique wins face-off versus David Perron in Bruins zone.
2:38 of 3rd period - Shot by Shea Weber.
2:38 of 3rd period - Stopped by Tristan Jarry without a rebound.
2:39 of 3rd period - Pierre-Luc Dubois wins face-off versus Adam Henrique in Bruins zone.
2:48 of 3rd period - Shot by Filip Hronek.
2:48 of 3rd period - Shot Misses the Net.
2:50 of 3rd period - Shot by Pierre-Luc Dubois.
2:50 of 3rd period - Stopped by Tristan Jarry without a rebound.
2:51 of 3rd period - Nathan MacKinnon wins face-off versus Adam Henrique in Bruins zone.
3:16 of 3rd period - Shot by Nathan MacKinnon.
3:16 of 3rd period - Stopped by Tristan Jarry without a rebound.
3:17 of 3rd period - Adam Henrique wins face-off versus Pierre-Luc Dubois in Bruins zone.
4:35 of 3rd period - Vladimir Sobotka is hit by Brent Seabrook and loses puck.
4:38 of 3rd period - Shot by Tanner Fritz.
4:38 of 3rd period - Shot Misses the Net.
4:52 of 3rd period - Brent Seabrook is hit by Vladimir Sobotka.
5:09 of 3rd period - Radek Faksa is hit by Marcus Pettersson and loses puck.
5:13 of 3rd period - Carl Hagelin is hit by Marcus Pettersson and loses puck.
5:22 of 3rd period - Shot by Carl Hagelin.
5:22 of 3rd period - Deflect By Jayson Megna.
5:22 of 3rd period - Shot Misses the Net.
5:24 of 3rd period - Shot by Jayson Megna.
5:24 of 3rd period - Stopped by Juuse Saros with a rebound.
5:41 of 3rd period - Brett Pesce is hit by Marcus Pettersson and loses puck.
6:21 of 3rd period - Shot by David Perron.
6:21 of 3rd period - Shot Misses the Net.
6:41 of 3rd period - Shot by Alex Iafallo.
6:41 of 3rd period - Shot Blocked by Shea Weber.
6:43 of 3rd period - Shot by Jonathon Merrill.
6:43 of 3rd period - Stopped by Juuse Saros without a rebound.
6:44 of 3rd period - Vladimir Sobotka wins face-off versus Pierre-Luc Dubois in Penguins zone.
6:44 of 3rd period - Vladimir Sobotka is hit by Filip Hronek.
6:46 of 3rd period - Shot by Alex Iafallo.
6:46 of 3rd period - Shot Misses the Net.
7:10 of 3rd period - Shot by Pierre-Luc Dubois.
7:10 of 3rd period - Shot Misses the Net.
7:15 of 3rd period - Minor Penalty to Pierre-Luc Dubois for Interference.
7:16 of 3rd period - Cedric Paquette wins face-off versus Tyler Bertuzzi in Penguins zone.
7:23 of 3rd period - Shot by Cedric Paquette.
7:23 of 3rd period - Deflect By Oskar Lindblom.
7:23 of 3rd period - Shot Misses the Net.
8:23 of 3rd period - Cedric Paquette is hit by Radek Faksa and loses puck.
8:54 of 3rd period - Drew Doughty is hit by Brendan Lemieux and loses puck.
8:59 of 3rd period - Shot by Jordan Oesterle.
8:59 of 3rd period - Shot Misses the Net.
9:18 of 3rd period - Icing by Marcus Pettersson.
9:19 of 3rd period - Vladimir Sobotka wins face-off versus Pierre-Luc Dubois in Penguins zone.
9:42 of 3rd period - Shot by Pierre-Luc Dubois.
9:42 of 3rd period - Stopped by Tristan Jarry without a rebound.
9:43 of 3rd period - Adam Henrique wins face-off versus Nathan MacKinnon in Bruins zone.
10:07 of 3rd period - Brady Skjei is hit by Gabriel Landeskog and loses puck.
10:23 of 3rd period - Icing by Brian Dumoulin.
10:24 of 3rd period - Pierre-Luc Dubois wins face-off versus Adam Henrique in Bruins zone.
10:59 of 3rd period - Shot by Alex DeBrincat.
10:59 of 3rd period - Shot Blocked by Radek Faksa.
11:10 of 3rd period - Carl Hagelin is hit by Filip Hronek and loses puck.
11:24 of 3rd period - Carl Hagelin is hit by Filip Hronek and loses puck.
11:30 of 3rd period - Minor Penalty to Filip Hronek for Hooking.
11:31 of 3rd period - Adrian Kempe wins face-off versus Marcus Sorensen in Penguins zone.
12:51 of 3rd period - Off-side.
12:52 of 3rd period - Adam Henrique wins face-off versus Cedric Paquette in neutral zone.
13:05 of 3rd period - Shot by Adam Henrique.
13:05 of 3rd period - Stopped by Juuse Saros without a rebound.
13:06 of 3rd period - Adam Henrique wins face-off versus Cedric Paquette in Penguins zone.
13:09 of 3rd period - Shot by Tyler Bertuzzi.
13:09 of 3rd period - Stopped by Juuse Saros without a rebound.
13:10 of 3rd period - Radek Faksa wins face-off versus Adrian Kempe in Penguins zone.
13:22 of 3rd period - Off-side.
13:23 of 3rd period - Adam Henrique wins face-off versus Adrian Kempe in neutral zone.
13:30 of 3rd period - Shot by Tyler Bertuzzi.
13:30 of 3rd period - Shot Blocked by Marcus Pettersson.
13:51 of 3rd period - Off-side.
13:52 of 3rd period - Pierre-Luc Dubois wins face-off versus Adam Henrique in neutral zone.
15:25 of 3rd period - Icing by Drew Doughty.
15:26 of 3rd period - Nathan MacKinnon wins face-off versus Vladimir Sobotka in Penguins zone.
15:26 of 3rd period - Shea Weber is hit by Alex Iafallo and loses puck.
15:57 of 3rd period - Alex Iafallo is hit by Brent Seabrook and loses puck.
16:20 of 3rd period - Tyler Bertuzzi is hit by Clayton Keller and loses puck.
16:28 of 3rd period - Shot by Adam Henrique.
16:28 of 3rd period - Shot Misses the Net.
16:30 of 3rd period - Shot by Adam Henrique.
16:30 of 3rd period - Deflect By Tyler Bertuzzi.
16:30 of 3rd period - Stopped by Juuse Saros without a rebound.
16:31 of 3rd period - Adam Henrique wins face-off versus Pierre-Luc Dubois in Penguins zone.
16:56 of 3rd period - Shot by Adam Henrique.
16:56 of 3rd period - Stopped by Juuse Saros with a rebound.
17:05 of 3rd period - Jonathan Huberdeau is hit by Jordan Oesterle and loses puck.
17:12 of 3rd period - Shot by Jonathan Huberdeau.
17:12 of 3rd period - Deflect By Alex DeBrincat.
17:12 of 3rd period - Shot Misses the Net.
17:37 of 3rd period - Carl Hagelin is hit by Gabriel Landeskog and loses puck.
17:57 of 3rd period - Radek Faksa is hit by Drew Doughty and loses puck.
18:09 of 3rd period - Shea Weber is hit by Radek Faksa and loses puck.
18:30 of 3rd period - Brent Seabrook is hit by Tanner Fritz and loses puck.
19:06 of 3rd period - Off-side.
19:07 of 3rd period - Pierre-Luc Dubois wins face-off versus Adam Henrique in neutral zone.
19:18 of 3rd period - Shot by Jonathan Huberdeau.
19:18 of 3rd period - Stopped by Tristan Jarry without a rebound.
19:19 of 3rd period - Max Domi wins face-off versus Adam Henrique in Bruins zone.
19:39 of 3rd period - Shot by Clayton Keller.
19:39 of 3rd period - Stopped by Tristan Jarry without a rebound.
19:40 of 3rd period - Pierre-Luc Dubois wins face-off versus Jayson Megna in Bruins zone.
Goals for this period are 1 for Bruins vs 0 for Penguins.
Shots for this period are 11 for Bruins vs 6 for Penguins.

Overtime #1


0:01 of 1st overtime period - Nathan MacKinnon wins face-off versus Adam Henrique in neutral zone.
0:31 of 1st overtime period - Shot by Nathan MacKinnon.
0:31 of 1st overtime period - Stopped by Tristan Jarry without a rebound.
0:32 of 1st overtime period - Radek Faksa wins face-off versus Max Domi in Bruins zone.
0:58 of 1st overtime period - Off-side.
0:59 of 1st overtime period - Adam Henrique wins face-off versus Nathan MacKinnon in neutral zone.
1:16 of 1st overtime period - Off-side.
1:17 of 1st overtime period - Adam Henrique wins face-off versus Nathan MacKinnon in neutral zone.
1:20 of 1st overtime period - Shot by Tyler Bertuzzi.
1:20 of 1st overtime period - Shot Misses the Net.
1:41 of 1st overtime period - Shot by Nathan MacKinnon.
1:41 of 1st overtime period - Shot Blocked by Tyler Bertuzzi.
1:43 of 1st overtime period - Shot by Nathan MacKinnon.
1:43 of 1st overtime period - Stopped by Tristan Jarry with a rebound.
2:19 of 1st overtime period - Shot by Pierre-Luc Dubois.
2:19 of 1st overtime period - Stopped by Tristan Jarry with a rebound.
2:21 of 1st overtime period - Shot by Pierre-Luc Dubois.
2:21 of 1st overtime period - Shot Hit the Post.
3:10 of 1st overtime period - Shot by Adrian Kempe.
3:10 of 1st overtime period - Shot Blocked by Brett Pesce.
3:56 of 1st overtime period - Shot by Jonathan Huberdeau.
3:56 of 1st overtime period - Stopped by Tristan Jarry without a rebound.
3:57 of 1st overtime period - Adam Henrique wins face-off versus Max Domi in Bruins zone.
4:26 of 1st overtime period - Shot by Radek Faksa.
4:26 of 1st overtime period - Stopped by Juuse Saros without a rebound.
4:27 of 1st overtime period - Nathan MacKinnon wins face-off versus Tyler Bertuzzi in Penguins zone.
Goals for this period are 0 for Bruins vs 0 for Penguins.
Shots for this period are 1 for Bruins vs 4 for Penguins.

ShootOut


5:00 of 1st overtime period - Round #1.
5:00 of 1st overtime period - Bruins, Adam Henrique.
5:00 of 1st overtime period - Shot Misses the Net.
5:00 of 1st overtime period - Penguins, Nathan MacKinnon.
5:00 of 1st overtime period - Stopped by Tristan Jarry.
5:00 of 1st overtime period - Round #2.
5:00 of 1st overtime period - Bruins, Tyler Bertuzzi.
5:00 of 1st overtime period - Goal by Tyler Bertuzzi.
5:00 of 1st overtime period - Penguins, Jonathan Huberdeau.
5:00 of 1st overtime period - Shot Misses the Net.
5:00 of 1st overtime period - Round #3.
5:00 of 1st overtime period - Bruins, Radek Faksa.
5:00 of 1st overtime period - Shot Misses the Net.
5:00 of 1st overtime period - Penguins, Pierre-Luc Dubois.
5:00 of 1st overtime period - Goal by Pierre-Luc Dubois.
5:00 of 1st overtime period - Round #4.
5:00 of 1st overtime period - Bruins, Carl Hagelin.
5:00 of 1st overtime period - Goal by Carl Hagelin.
5:00 of 1st overtime period - Penguins, Max Domi.
5:00 of 1st overtime period - Shot Misses the Net.